 Dungeon Crawl Stone Soup version 0.22-a0-748-g283c1ef38e (webtiles) character file.

72 Bapho the Slasher (level 4, -10/40 HPs)
             Began as a Draconian Berserker on July 15, 2018.
             Was a Believer of Trog.
             Mangled by a gnoll
             ... wielding a +2 flail of venom
              (11 damage)
             ... on level 2 of the Dungeon.
             The game lasted 00:02:07 (1647 turns).

Bapho the Slasher (Draconian Berserker)             Turns: 1647, Time: 00:02:09

Health: -10/40     AC:  5    Str: 20    XL:     4   Next: 7%
Magic:  4/4        EV:  7    Int:  7    God:    Trog [**....]
Gold:   33         SH:  0    Dex: 11    Spells: 3/3 levels left

rFire    . . .     SeeInvis .   a - +0 falchion
rCold    . . .     Gourm    .   (no shield)
rNeg     . . .     Faith    .   (armour unavailable)
rPois    .         Spirit   .   (helmet restricted)
rElec    .         Reflect  .   (no cloak)
rCorr    .         Harm     .   (no gloves)
MR       .....                  (no boots)
Stlth    +.........             (no amulet)
HPRegen  0.13/turn              (no ring)
MPRegen  0.09/turn              (no ring)

@: berserk cooldown, held, slowed, very slow
A: unfitting armour, cold-blooded, AC +5
a: Berserk, Trog's Hand, Renounce Religion


You were on level 2 of the Dungeon.
You worshipped Trog.
Trog was pleased with you.
You were very hungry.

You visited 1 branch of the dungeon, and saw 2 of its levels.

You collected 33 gold pieces.

Inventory:

Hand Weapons
 a - a +0 falchion (weapon)
Missiles
 d - 32 stones (quivered)
 e - 2 tomahawks
Jewellery
 f - an uncursed ring of stealth {unknown}
Scrolls
 c - 3 scrolls of teleportation {unknown}
 g - a scroll of remove curse {unknown}
Comestibles
 b - a ration
 h - a chunk of flesh


   Skills:
 + Level 3.9 Fighting
 * Level 4.1 Long Blades
 + Level 3.2 Dodging


You had 3 spell levels left.
You didn't know any spells.
Your spell library was empty.

Dungeon Overview and Level Annotations

Branches:
Dungeon (2/15)

Altars:


Innate Abilities, Weirdness & Mutations

Your plain brown scales are hard. (AC +5)
You cannot fit into any form of body armour.
You are cold-blooded and may be slowed by cold attacks.


Message History

You struggle against the net.
The gnoll hits you with a club.
The gnoll hits you with a flail of venom!
The gnoll hits you with a club.
Unknown command.
You struggle against the net.
The goblin hits you with a dagger. The gnoll closely misses you.
The gnoll hits you with a club.
* * * LOW HITPOINT WARNING * * *
You struggle against the net.
The goblin hits you with a dagger.
* * * LOW HITPOINT WARNING * * *
The gnoll completely misses you. The gnoll hits you but does no damage.
The goblin completely misses you.
You riposte.
You barely miss the goblin.
Your tail-slap misses the goblin.
You struggle against the net.
The gnoll hits you with a flail of venom.
* * * LOW HITPOINT WARNING * * *
The gnoll hits you with a club.
* * * LOW HITPOINT WARNING * * *
The goblin hits you but does no damage.
The gnoll hits you with a flail of venom!
You die...

#... #.##.##.# ##.# #[...#
#.......# ###.+ ###....#.
####.#### #...#
........#######g# ####....
###.#...###.......# #.......
#........##.#####>###..#.#..
##.#..###.#.....#....).......
#.#.....)....gg##.##.###..#.#..
#.......#.#...@gg....# #..#....
#.#..#..#.#...###.#### #.......
#$.#.#..<.....# #.# ########
#.#.......##.####.###
#.####..#.##)# #.#..#### #
####.......# ##......#
..........## #.#.##.#
#.###.....# #.#.##.# # #.....#
#.#.##.#


You could see 3 gnolls and a goblin.

Vanquished Creatures
  A gnoll (D:2)
  2 adders (D:2)
  2 dart slugs (D:1)
  3 leopard geckos
  A ball python (D:1)
  2 giant cockroaches (D:1)
  7 goblins
  6 hobgoblins (D:1)
  3 kobolds (D:1)
  2 bats (D:1)
  3 frilled lizards
  4 rats
36 creatures vanquished.

Notes
Turn   | Place    | Note
-------+----------+-------------------------------------------
     0 | D:1      | Bapho the Draconian Berserker began the quest for the Orb.
     0 | D:1      | Reached XP level 1. HP: 19/19 MP: 1/1
   195 | D:1      | Reached XP level 2. HP: 26/26 MP: 2/2
   754 | D:1      | Reached XP level 3. HP: 27/31 MP: 3/3
  1305 | D:2      | Reached ** piety under Trog
  1318 | D:2      | Reached skill level 4 in Long Blades
  1621 | D:2      | Reached XP level 4. HP: 40/40 MP: 4/4
  1647 | D:2      | HP: 1/40 [gnoll/club (5)]
  1647 | D:2      | Mangled by a gnoll

Vault maps used:
D:1:      nicolae_arrival_washed_ashore
D:2:      minmay_joined_circles

Skill      XL: |  1  2  3 |
---------------+----------+-----
Dodging        | 3 |  3.2
Long Blades    | 4 |  4.1
Fighting       | |  3.9

Action                   |  1- 3 |  4- 6 || total
-------------------------+-------+-------++-------
Melee: Falchion          |    88 |     1 ||    89
       Tailslap          |     6 |       ||     6
Throw: Stone             |    34 |       ||    34
Invok: Berserk           |     3 |       ||     3
  Eat: Chunk             |     4 |       ||     4
Armor: Skin              |    20 |     3 ||    23
Dodge: Dodged            |    46 |     7 ||    53
       Rpst.: Falchion   |    15 |     4 ||    19

Table legend:
 A = Spawn XP
 B = Non-spawn XP
 C = Spawn XP percentage of total XP
 D = Spawn monster count
 E = Non-spawn monster count
 F = Spawn count percentage of total count
 G = Total turns spent on level
                    A         B        C        D         E        F      G
               +---------+---------+-------+---------+---------+-------+---------
         Total |       0 |     104 |   0.0 |       0 |      36 |   0.0 |  1647
               +---------+---------+-------+---------+---------+-------+---------
           D:1 |       0 |      54 |   0.0 |       0 |      27 |   0.0 |  1181
           D:2 |       0 |      50 |   0.0 |       0 |       9 |   0.0 |   466
               +---------+---------+-------+---------+---------+-------+---------
